 Dungeon Crawl Stone Soup version 0.30.0-29-ga12c61a403 (webtiles) character file.

Game seed: 29645860484046650

438 seaoflcl the Chopper (level 6, -1/53 HPs)
             Began as a Minotaur Fighter on June 6, 2023.
             Was an Initiate of Okawaru.
             Slain by a gnoll
             ... wielding a +0 whip
             ... led by a gnoll bouda
              (2 damage)
             ... on level 4 of the Dungeon.
             The game lasted 00:03:39 (2594 turns).

seaoflcl the Chopper (Minotaur Fighter)             Turns: 2594, Time: 00:03:40

Health: -1/53      AC:  7    Str: 23    XL:     6   Next: 69%
Magic:  5/5        EV:  9    Int:  5    God:    Okawaru [......]
Gold:   226        SH:  4    Dex:  9    Spells: 5/5 levels left

rFire   . . .        a - +0 war axe
rCold   . . .        c - +0 buckler
rNeg    . . .        b - +0 scale mail
rPois   .            (helmet restricted)
rElec   .            (no cloak)
rCorr   .            (no gloves)
SInv    .            (no boots)
Will    .....        (no amulet) Stlth
                     (no ring)
HPRegen 0.28/turn    (no ring)
MPRegen 0.09/turn

%: no passive effects
@: mighty
A: horns 2, retaliatory headbutt
a: Renounce Religion


You were on level 4 of the Dungeon.
You worshipped Okawaru.
Okawaru was noncommittal.
You visited 1 branch of the dungeon, and saw 4 of its levels.

You collected 226 gold pieces.

Inventory:

Hand Weapons
 a - a +0 war axe (weapon)
 s - a +0 sling
 y - a +0 vampiric dagger
Missiles
 i - 2 boomerangs
 x - 6 javelins (quivered)
Armour
 b - a +0 scale mail (worn)
 c - a +0 buckler (worn)
Jewellery
 w - an amulet of regeneration
 A - a ring of wizardry
Wands
 z - a wand of mindburst (24)
Scrolls
 f - a scroll of enchant weapon {unknown}
 g - 2 scrolls of silence {unknown}
 j - a scroll of vulnerability {unknown}
 k - 3 scrolls of teleportation {unknown}
 m - a scroll of blinking {unknown}
 n - 7 scrolls of identify {unknown}
 o - a scroll of fog {unknown}
 p - 2 scrolls of fear {unknown}
 t - 2 scrolls of enchant armour {unknown}
 v - a scroll of immolation {unknown}
Potions
 e - a potion of heal wounds {unknown}
 h - 4 potions of curing {unknown}
 l - 2 potions of cancellation {unknown}
 q - a potion of attraction {unknown}
 r - 2 potions of flight {unknown}
 u - a potion of haste {unknown}


   Skills:
 + Level 4.7 Fighting
 * Level 5.3 Axes
 + Level 2.0 Ranged Weapons
 + Level 1.9 Throwing
 + Level 4.9 Armour
 + Level 4.9 Shields


You had 5 spell levels left.
You didn't know any spells.
Your spell library contained the following spells:

 Spells                   Type           Power      Damage    Failure   Level
 Foxfire                  Conj/Fire      0%         2x1d4     83%         1
 Sandblast                Erth           0%         2d4       83%         1
 Blink                    Tloc           0%         N/A       93%         2
 Lesser Beckoning         Tloc           0%         N/A       93%         2
 Momentum Strike          Conj/Tloc      0%         3d8       93%         2
 Passwall                 Tmut/Erth      0%         N/A       93%         2
 Portal Projectile        Hex/Tloc       0%         N/A       99%         3
 Stone Arrow              Conj/Erth      0%         3d7       99%         3
 Flame Wave               Conj/Fire      0%         2d4       100%        4
 Leda's Liquefaction      Hex/Erth       0%         N/A       100%        4
 Fireball                 Conj/Fire      0%         3d3       100%        5
 Conjure Ball Lightning   Conj/Air       0%         3x3d6     100%        6
 Plasma Beam              Fire/Air       0%         2x1d11    100%        6
 Starburst                Conj/Fire      0%         6d3       100%        6
 Call Canine Familiar     Summ           Unusable   N/A       N/A         3

Dungeon Overview and Level Annotations

Branches:
Dungeon (4/15)
 Temple: D:4-7

Altars:
Okawaru

Shops:
D:4 (*


Innate Abilities, Weirdness & Mutations

You have a pair of horns on your head.
You reflexively headbutt those who attack you in melee.


Message History

The gnoll hits you with a +0 whip.
You are too injured to fight recklessly!
Unknown command.
The gnoll attacks as you move away! The gnoll barely misses you.
You furiously retaliate!
You headbutt the gnoll. The gnoll attacks as you move away!
The gnoll hits you with a +0 whip.
The gnoll bouda attacks as you move away!
The gnoll bouda hits you with a +0 whip!
* * * LOW HITPOINT WARNING * * *
Your attacks no longer feel as feeble.
You closely miss the gnoll. You barely miss the gnoll bouda.
You block the gnoll's attack.
You slash the gnoll!
The gnoll is severely wounded.
You slash the gnoll bouda!
The gnoll is no longer moving quickly.
The gnoll bouda misses you. You furiously retaliate!
You headbutt the gnoll bouda. The gnoll hits you with a +0 club.
* * * LOW HITPOINT WARNING * * *
The gnoll hits you but does no damage.
The gnoll bouda calls upon its god to heal the gnoll.
The gnoll is healed somewhat.
The gnoll bouda attacks as you move away!
The gnoll bouda hits you with a +0 whip.
* * * LOW HITPOINT WARNING * * *
The gnoll attacks as you move away! The gnoll hits you with a +0 club.
* * * LOW HITPOINT WARNING * * *
The gnoll is no longer moving quickly.
You slash the gnoll!
You kill the gnoll!
Okawaru accepts your kill.
You hit the gnoll.
The gnoll is no longer moving quickly.
The gnoll hits you with a +0 club.
* * * LOW HITPOINT WARNING * * *
The gnoll bouda barks out a call to the hunt!
The gnolls pick up the pace!
The gnoll hits you with a +0 club.
* * * LOW HITPOINT WARNING * * *
The gnoll bouda calls upon its god to heal the gnoll.
The gnoll's wounds heal themselves!
The gnoll hits you with a +0 whip.
You die...

.##............##..###..##
## ####.####.......## ##.#
#. ...###........###..####.
.......[.#####.#.##.....
###.####...# ##.###.###.
#...# ### #.# #. #...# #.#
## #...# #.# W #@..# #.#
... #g..# #.#
.#..######gg.#########.#
.........g..........##.####
#.......?.................
.....................#.#..#
....######...#######.#....#
##. #...# #.#.#..# # #...#
#.#.#..#


You could see a gnoll bouda, 2 gnolls and a goblin.

Vanquished Creatures
  A bullfrog (D:4)
  2 scorpions (D:4)
  An orc priest (D:4)
  An iguana (D:4)
  An orc wizard (D:4)
  A gnoll (D:4)
  5 adders
  An adder skeleton (D:3)
  2 worms
  5 dart slugs
  5 orcs
  4 ball pythons
  10 endoplasms
  6 giant cockroaches
  8 goblins
  3 hobgoblins
  13 jackals
  6 kobolds
  5 quokkas
  2 ball python zombies (D:3)
  10 bats
  5 frilled lizards
  A quokka skeleton (D:3)
  7 rats
105 creatures vanquished.

Notes
Turn   | Place    | Note
-------+----------+-------------------------------------------
     0 | D:1      | seaoflcl the Minotaur Fighter began the quest for the Orb.
     0 | D:1      | Reached XP level 1. HP: 19/19 MP: 0/0
   132 | D:1      | Reached XP level 2. HP: 23/27 MP: 1/1
   144 | D:1      | Reached skill level 3 in Axes
   260 | D:1      | Reached XP level 3. HP: 29/33 MP: 2/2
   677 | D:2      | Reached XP level 4. HP: 40/40 MP: 3/3
  1095 | D:2      | Reached skill level 4 in Axes
  1514 | D:3      | Found an iron altar of Okawaru.
  1535 | D:3      | Reached skill level 1 in Throwing
  1552 | D:3      | Reached XP level 5. HP: 30/46 MP: 4/4
  1554 | D:3      | Reached skill level 1 in Ranged Weapons
  1731 | D:3      | Got Sif Muna's Atlas of the Salvo
  1752 | D:3      | Became a worshipper of Warmaster Okawaru
  2144 | D:4      | Found Ownap's Weapon Shoppe.
  2159 | D:4      | Found Syanits's Assorted Antiques.
  2232 | D:4      | Reached XP level 6. HP: 41/53 MP: 5/5
  2298 | D:4      | Reached skill level 5 in Axes
  2593 | D:4      | HP: 1/53 [gnoll/+0 club[a gnoll bouda] (5)]
  2594 | D:4      | Slain by a gnoll

Illustrated notes

Levels and vault maps discovered:
D:1:      minmay_arrival_hallway, layout_rooms
D:2:      minmay_general_purpose_star, layout_loops_cross
D:3:      layout_rooms, mainiacjoe_overflow_brackets, serial_undead,
          serial_undead_f, serial_undead_f, serial_undead_b, serial_undead_b,
          chequers_avenue
D:4:      layout_loops_cross, nicolae_wooded_promenade

Skill      XL: |  1  2  3  4  5  6 |
---------------+-------------------+-----
Axes           | 3 4 5 |  5.3
Armour         | 4 |  4.9
Fighting       | 4 |  4.7
Shields        | 4 |  4.9
Throwing       | 1 |  1.9
Ranged Weapons | 1 2 |  2.0

Action                     |  1- 3 |  4- 6 || total
---------------------------+-------+-------++-------
  Melee: War axe           |    91 |   129 ||   220
         Headbutt          |     9 |    17 ||    26
    Use: Potion            |       |     1 ||     1
 Armour: Scale mail        |    54 |    75 ||   129
  Dodge: Dodged            |    45 |    66 ||   111
  Block: Buckler           |    21 |    40 ||    61
